AoeStats
← RensArmarium

Arabia

504492517Analyzed
1v1 RM · 26d ago on Sep 5, 2026· 56m 21s· 2 players
Game mode
Random Map
Map size
Tiny (2 player)
Population
200
Speed
Normal
Resources
Standard
Victory
Conquest
Starting age
Dark Age
Ending age
Imperial Age
RankedLock teamsTeams togetherTeam positionsShared explorationLock speedFull tech treeHidden civsTurbo modeCheats
Victory
Defeat
🇳🇱 Franks · Netherlands
1040
+17
🇦🇷 Mongols · Argentina
1064
-17
RensArmarium
4:56 Loom
12:06 Feudal Age
16:37 Castle Age
16:40 Double-Bit Axe
18:39 Gold Mining
18:39 Stone Mining
22:00 Bow Saw
23:32 Gold Shaft Mining
23:44 Stone Mining
25:00 Scale Barding Armor
25:06 Forging
26:20 Wheelbarrow
26:07 Husbandry
26:50 Chain Barding Armor
27:53 Hand Cart
28:21 Iron Casting
32:38 Imperial Age
32:06 Scale Mail Armor
33:11 Chain Mail Armor
33:22 Squires
33:09 Pikeman
33:51 Town Watch
36:25 Halberdier
37:51 Cavalier
39:33 Conscription
40:43 Plate Barding Armor
40:03 Fletching
43:08 Paladin
46:52 Plate Mail Armor
47:22 Blast Furnace
46:18 Bodkin Arrow
47:16 Hoardings
46:44 Chivalry
47:19 Arson
Pepi Zapata
2:44 Loom
9:18 Feudal Age
10:14 Double-Bit Axe
15:38 Horse Collar
18:49 Castle Age
18:11 Forging
18:57 Scale Barding Armor
19:32 Bloodlines
19:55 Gold Mining
20:11 Husbandry
20:31 Bow Saw
23:31 Wheelbarrow
23:50 Gold Shaft Mining
26:48 Iron Casting
26:11 Town Watch
27:41 Chain Barding Armor
29:13 Stone Mining
30:46 Stone Mining
31:39 Hand Cart
31:29 Fletching
32:17 Town Patrol
37:40 Imperial Age
37:48 Stone Shaft Mining
36:44 Pikeman
37:30 Squires
37:34 Scale Mail Armor
37:37 Heavy Plow
40:10 Blast Furnace
39:24 Bodkin Arrow
40:49 Thumb Ring
40:05 Elite Skirmisher
41:05 Padded Archer Armor
42:02 Heavy Camel Rider
42:59 Bracer
44:14 Leather Archer Armor
45:12 Hoardings
45:54 Nomads
46:28 Chain Mail Armor
47:13 Ballistics
47:54 Chemistry
47:18 Drill
50:44 Plate Mail Armor
50:50 Conscription
50:28 Murder Holes
Connection lost

Rejoining the realm…

Still unreachable

The connection could not be restored.

Session expired

The server has moved on; the page needs a fresh start.